Cogmind - Beta 13 @@@ ROGUE MODE // 2024.03.31 @ 23:59:44 Player: Delta-Psyco Result: Destroyed by S-10 Pest with Light Assault Rifle Performance ------------- Evolutions (1) 500 Regions Visited (3) 600 Robots Destroyed (9) 45 Value Destroyed (191) 191 Prototype IDs (0) 0 Alien Tech Used (0) 0 Bonus (0) 0 TOTAL SCORE: 1336 Bonus ------- None Cogmind --------- Core Integrity 0/400 Matter 287/300 Energy 99/100 System Corruption 0% Temperature Cool (0) Movement Core (50) Location -9/Storage Parts ------- > --- POWER (1) -------- (None) > --- PROPULSION (2) --- (None) > --- UTILITY (4) ------ Signal Interpreter Targeting Computer > --- WEAPON (2) ------- (None) > --- INVENTORY (5) ---- Visual Processing Unit ECM Suite ECM Suite Peak State ------------ > --- POWER ------------ Ion Engine > --- PROPULSION ------- Flight Unit Flight Unit > --- UTILITY ---------- Heat Sink Sensor Array Signal Interpreter Targeting Computer > --- WEAPON ----------- Beam Rifle > --- INVENTORY -------- Visual Processing Unit ECM Suite ECM Suite [Rating: 9] Favorites ----------- Power Ion Engine Engine Ion Engine Propulsion Light Treads Treads Light Treads Hover Unit Hover Unit Flight Unit Flight Unit Utility Targeting Computer Device Sensor Array Storage Small Storage Unit Processor Targeting Computer Protection Light Armor Plating Weapon Assault Rifle Energy Gun Beam Rifle Ballistic Gun Assault Rifle Special Weapon Mining Laser Build | -11 -10 -9 -9 ------- Run | Yrd Mat Mat Sto Slots Evolved 2 | . . 2 . Power . | . . . . Propulsion . | . . . . Utility 2 | . . 2 . Weapon . | . . . . Parts Attached 28 | 6 13 7 2 Power 2 | 1 1 . . Engine 2 | 1 1 . . Core . | . . . . Reactor . | . . . . Propulsion 6 | 2 4 . . Treads 2 | 2 . . . Leg . | . . . . Wheel . | . . . . Hover 2 | . 2 . . Flight 2 | . 2 . . Utility 9 | 1 5 3 . Device 5 | . 3 2 . Storage 1 | 1 . . . Processor 2 | . 1 1 . Hackware . | . . . . Protection 1 | . 1 . . Artifact . | . . . . Weapon 11 | 2 3 4 2 Energy Gun 4 | . . 2 2 Energy Cannon . | . . . . Ballistic Gun 3 | 2 1 . . Ballistic Cannon . | . . . . Launcher . | . . . . Special Weapon 4 | . 2 2 . Impact Weapon . | . . . . Slashing Weapon . | . . . . Piercing Weapon . | . . . . Special Melee Weapon . | . . . . Unidentified Prototypes . | . . . . Parts Lost 9 | . 1 3 5 Power 1 | . . 1 . Propulsion 2 | . . 1 1 Utility 2 | . . . 2 Weapon 4 | . 1 1 2 Highest Loss Streak 3 | . 1 3 3 To Critical Strikes . | . . . . Average Slot Usage (%) 81 | . 91 77 44 Engine 10 | . 14 8 . Treads 10 | . 15 . . Hover 2 | . 3 . . Flight 10 | . 9 19 4 Device 9 | . 6 20 13 Storage 5 | . 7 . . Processor 10 | . 6 22 22 Protection 2 | . 4 . . Ballistic Gun 15 | . 21 . . Special Weapon 2 | . 2 5 . Naked Turns . | . . . . Heaviest Build 17 | 12 17 8 4 Greatest Support 40 | 40 40 8 4 Greatest Overweight (x) 1 | . . . 1 Average Overweight (x) . | . . . . Largest Inventory Capacity 8 | 8 8 5 5 Average Capacity 6 | 7 6 5 5 Most Carried 6 | 2 6 4 4 Average Carried 3 | . 3 3 3 Final Capacity 8 | 8 5 5 5 Final Carried 5 | . 5 3 3 Class Distribution -------------------- 84% | Mutant 15% | Scavenger-Mutant Dominant Class ---------------- Mutant | -10/Materials Mutant | -9/Materials Mutant | -9/Storage Resources | -11 -10 -9 -9 ----------- Run | Yrd Mat Mat Sto Matter Collected 508 | 221 227 . 60 Remotely . | . . . . Salvage Created 253 | . 176 . 77 Parts 24 | . 21 . 3 Haulers Intercepted . | . . . . Recyclers Shooed . | . . . . Parts Field Recycled . | . . . . Retrieved Matter . | . . . . Parts Self-Destructed . | . . . . Prevented . | . . . . Kills | -11 -10 -9 -9 ------- Run | Yrd Mat Mat Sto Combat Hostiles Destroyed 6 | . 4 . 2 Melee 1 | . . . 1 Guns 5 | . 4 . 1 Classes Destroyed 5 | . 4 . 1 Operator 1 | . 1 . . Watcher 2 | . 2 . . Swarmer 3 | . 2 . 1 Grunt 2 | . 2 . . Sentry 1 | . . . 1 Best Kill Streak 4 | . 4 . 2 Combat Bots Only 3 | . 3 . 2 Max Kills in Single Turn 1 | . 1 . 1 Gunslinging . | . . . . Exploded . | . . . . Melee 1 | . . . 1 Uniques/NPCs Destroyed . | . . . . Combat | -11 -10 -9 -9 -------- Run | Yrd Mat Mat Sto Hostile Shots Fired 134 | . 36 31 67 Missed 45 | . 14 16 15 Damage Taken 976 | . 228 175 573 Core 482 | . 78 61 343 Absorbed by Shields . | . . . . Core Remaining (%) 84 | 100 68 . . Volleys Fired 32 | . 21 3 8 Largest 2 | . 2 1 1 Hottest 200 | . 200 100 56 Shots Fired 53 | . 42 3 8 Gun 48 | . 40 . 8 Cannon . | . . . . Launcher . | . . . . Special 5 | . 2 3 . Kinetic 40 | . 40 . . Thermal 13 | . 2 3 8 Explosive . | . . . . Electromagnetic . | . . . . Robot Hit Streak 5 | . 5 3 3 Robot Miss Streak 6 | . 6 . 1 Penetration Max . | . . . . Secondary Targets 1 | . 1 . . Max Gunslinging Chain 1 | . 1 . . Shots Hit Robots 29 | . 20 3 6 Core Hits 14 | . 9 . 5 Critical Kills . | . . . . Critical Parts Destroyed . | . . . . Critical Strikes . | . . . . Melee Attacks . | . . . . Impact . | . . . . Slashing . | . . . . Piercing . | . . . . Sneak Attacks . | . . . . Combat Hostiles . | . . . . Follow-up Attacks . | . . . . Damage Inflicted 480 | . 270 72 138 Guns 356 | . 270 . 86 Cannons . | . . . . Explosions . | . . . . Melee . | . . . . Ramming 52 | . . . 52 Kinetic 270 | . 270 . . Thermal 158 | . . 72 86 Explosive . | . . . . Electromagnetic . | . . . . Impact . | . . . . Slashing . | . . . . Piercing . | . . . . Highest Corruption . | . . . . Average Corruption . | . . . . Corruption Purged . | . . . . Corruption Blocked . | . . . . Overload Shots . | . . . . Overflow Damage . | . . . . Projectiles . | . . . . Explosions . | . . . . Melee . | . . . . Knockbacks . | . . . . Impact . | . . . . Kinetic . | . . . . Secondary . | . . . . Self-Inflicted Damage 24 | . . . 24 Shots . | . . . . Rammed 13 | . . . 13 Targets Rammed 13 | . . . 13 Kicked . | . . . . Crushed . | . . . . Highest Temperature 25 | . 24 25 2 Average Temperature 8 | . 8 11 2 Received Heat Transfer 279 | . 93 36 150 Siege Activations . | . . . . Robots Corrupted . | . . . . Combat Hostiles . | . . . . Parts Fried . | . . . . Impact Corruptions . | . . . . Robots Melted . | . . . . Combat Hostiles . | . . . . Parts Melted 1 | . . . 1 Heat Transferred 372 | . . 150 222 Parts Sabotaged . | . . . . Parts Stolen . | . . . . Parts Stripped . | . . . . Power Chain Reactions . | . . . . Alert | -11 -10 -9 -9 ------- Run | Yrd Mat Mat Sto Peak Influence 184 | . 150 72 184 Initial 29 | . . 12 29 Average 65 | . 73 32 106 Maximum Alert Level . | . . . . Low Security (%) 100 | 100 100 100 100 Level 1 . | . . . . Level 2 . | . . . . Level 3 . | . . . . Level 4 . | . . . . Level 5 . | . . . . High Security . | . . . . Max Security . | . . . . Squads Dispatched 4 | . 2 . 2 Investigation 2 | . 1 . 1 Extermination . | . . . . Reinforcement 2 | . 1 . 1 Assault . | . . . . Garrison . | . . . . Intercept . | . . . . Searches Triggered . | . . . . Construction Impeded . | . . . . Haulers Reinforced . | . . . . Active Scanning Responses . | . . . . Cargo Convoy Interrupts . | . . . . Stealth | -11 -10 -9 -9 --------- Run | Yrd Mat Mat Sto Distress Signals 3 | . 1 2 . Communications Jammed . | . . . . Distress Signals . | . . . . Times Spotted 41 | . 14 11 16 Peak Tracking Total 13 | . 4 11 13 Tactical Retreats 3 | . 1 1 1 Traps | -11 -10 -9 -9 ------- Run | Yrd Mat Mat Sto Traps Triggered 1 | . 1 . . Indirectly . | . . . . Trap Hack Attempts . | . . . . Triggered . | . . . . Disarmed . | . . . . Reprogrammed . | . . . . Reused . | . . . . Traps Extracted . | . . . . Installed . | . . . . Triggered . | . . . . Machines | -11 -10 -9 -9 ---------- Run | Yrd Mat Mat Sto Machines Disabled . | . . . . Max in Single Turn . | . . . . Machines Repaired . | . . . . Machines Dismantled . | . . . . Machines Sabotaged . | . . . . Overloaded Fab Kills . | . . . . Hacking | -11 -10 -9 -9 --------- Run | Yrd Mat Mat Sto Machines Accessed 1 | . . . 1 Terminals . | . . . . Fabricators . | . . . . Repair Stations 1 | . . . 1 Recycling Units . | . . . . Scanalyzers . | . . . . Garrison Access . | . . . . Total Hacks 2 | . . . 2 Successful . | . . . . Failed 2 | . . . 2 Catastrophic 1 | . . . 1 Database Lockouts . | . . . . Manual . | . . . . Terminals . | . . . . Fabricators . | . . . . Repair Stations 2 | . . . 2 Recycling Units . | . . . . Scanalyzers . | . . . . Garrison Access . | . . . . Terminal Hacks . | . . . . Fabricator Hacks . | . . . . Repair Station Hacks . | . . . . Recycling Unit Hacks . | . . . . Scanalyzer . | . . . . Garrison Access Hacks . | . . . . Unauthorized Hacks . | . . . . Terminals . | . . . . Fabricators . | . . . . Repair Stations . | . . . . Recycling Units . | . . . . Scanalyzers . | . . . . Garrison Access . | . . . . Data Cores Recovered . | . . . . Used . | . . . . Hacking Detections 1 | . . . 1 Full Trace Events 1 | . . . 1 Feedback Events . | . . . . Feedback Blocked . | . . . . Robot Schematics Acquired . | . . . . Robots Built . | . . . . Authchips . | . . . . Time . | . . . . Total Robot Build Rating . | . . . . Part Schematics Acquired . | . . . . Parts Built . | . . . . Authchips . | . . . . Time . | . . . . Total Part Build Rating . | . . . . Parts Repaired . | . . . . Time . | . . . . Parts Recycled . | . . . . Recycled Matter . | . . . . Retrieved Matter . | . . . . Retrieved Components . | . . . . Parts Scanalyzed . | . . . . Part Schematics Acquired . | . . . . Parts Damaged . | . . . . Bothacking | -11 -10 -9 -9 ------------ Run | Yrd Mat Mat Sto Used RIF Installer . | . . . . Robots Hacked . | . . . . Non-combat . | . . . . Combat . | . . . . Robot Hacks Applied . | . . . . Relay Couplers Released . | . . . . Fabnet Peak Effective % . | . . . . Robots Rewired . | . . . . Allies Hacked . | . . . . Hacks Repelled . | . . . . Allies | -11 -10 -9 -9 -------- Run | Yrd Mat Mat Sto Total Allies . | . . . . Largest Group . | . . . . Highest-Rated Group . | . . . . Highest-Rated Ally . | . . . . Total Orders . | . . . . Ally Attacks . | . . . . Total Damage . | . . . . Kills . | . . . . Allies Corrupted . | . . . . Allies Melted . | . . . . Intel | -11 -10 -9 -9 ------- Run | Yrd Mat Mat Sto Robot Analysis Total . | . . . . Derelict Logs Recovered . | . . . . Drone Launches . | . . . . Drone Recoveries . | . . . . Exploration | -11 -10 -9 -9 ------------- Run | Yrd Mat Mat Sto Turns Passed 663 | 73 413 76 101 Spaces Moved 775 | 41 446 133 155 Core 44 | 3 . . 41 Treads 147 | 38 109 . . Legs . | . . . . Wheels . | . . . . Hover 16 | . 16 . . Flight 568 | . 321 133 114 Fastest Speed 37 | 50 37 37 40 Average Speed 62 | 151 67 38 43 Slowest Speed 160 | 160 160 40 100 Overloaded Moves . | . . . . Propulsion Burnouts . | . . . . Robots Hopped 5 | . 2 3 . Cave-ins Triggered . | . . . . Exploration Rate (%) 30 | 3 61 19 38 Regions Visited 3 Branch Regions 1 Pre-discovered Areas . | . . . . Known Exits Taken 1 | . . 1 . Unknown Exits Taken 2 | 1 1 . . Scrap Searched . | . . . . Spaces Dug . | . . . . Terrain Destroyed 1 | . 1 . . Melee . | . . . . Projectile 1 | . 1 . . AOE . | . . . . Terrain Rammed . | . . . . Walls Destroyed . | . . . . Machines Disabled . | . . . . Actions | -11 -10 -9 -9 --------- Run | Yrd Mat Mat Sto Total 891 | 52 511 148 180 Wait 2 | . 2 . . Move 762 | 40 441 126 155 Hop 5 | . 2 3 . Pick Up 31 | 6 19 4 2 Fast Attach . | . . . . Attach 22 | 6 7 7 2 Detach 3 | . 2 1 . Swap 6 | . 6 . . Drop 15 | . 11 4 . Fire 32 | . 21 3 8 Melee . | . . . . Ram 13 | . . . 13 Kick . | . . . . Crush . | . . . . Escape Stasis . | . . . . Rewire . | . . . . Trap . | . . . . Miscellaneous . | . . . . Route ------- -11/Scrapyard -10/Materials (discovered 3 exits: [*Mat] / [*Min x2]) -9/Materials -9/Storage History --------- Turn | Location | Event 26 | -11/Scrapyard | Discovered new exit (range 14) 74 | -11/Scrapyard | Entered Materials 327 | -10/Materials | Build established: Mutant 355 | -10/Materials | Discovered new exit (range 8) 383 | -10/Materials | Discovered new exit (range 15) 398 | -10/Materials | Discovered new exit (range 8) 487 | -10/Materials | Entered another Materials area 487 | -9/Materials | Evolved 2 slots: Utility x2 561 | -9/Materials | Discovered new exit (range 6) 563 | -9/Materials | Identified exit to Storage 563 | -9/Materials | Entered Storage 574 | -9/Storage | Lost 3 parts (1p1n1w) 626 | -9/Storage | Core integrity fell below 50% 644 | -9/Storage | Core integrity fell below 20% 664 | -9/Storage | Destroyed by S-10 Pest with Light Assault Rifle Last Messages --------------- Acquired Beam Rifle. Slammed into S-10 Pest. Destabilizing: System interference. Beam Rifle temporarily disabled. Signal Interpreter temporarily disabled. Heat Sink temporarily disabled. Slammed into S-10 Pest. K-01 Serf collects debris. Slammed into S-10 Pest. Destabilizing: Core damaged (-8). Slammed into S-10 Pest. T-07 Excavator is excavating. Heat Sink destroyed. Slammed into S-10 Pest. T-07 Excavator is excavating. Beam Rifle destroyed. Connecting with Repair Station... ALERT: Suspicious activity at Repair Station S002. Dispatching Investigation squad. [Achievement: One Hack Too Far] Map ----- +----------------------------------------------------+ | """ ""#????# #????????????? | | """ T"#????# [[|#????????????? | | """ ""#????# [[ #????????????? | | ########= | #?######?????? | | """ / /% #? #?????? | | """ ########= #? #?????? | | """ #??????#####/# #?????? | | #??????????# + #?????? | | ###/#??????????# # #?????? | | ??# #??????????# # #?????? | | ??# #??????????# ##+##+##?????? | | ?? /??????????# #??????? | | ??# #??????##### #??????? | | ??# #??????+ #??????? | | ??# #??????# ###????? | | ?? ??????# # #????? | | ?? #????? | | ?? ?##########+#### ###????? | | ??#+#???????# # #??????? | | ????????????# """ + #??????? | | ????????????# """ ##s#####??? | | ????????????# """ # s!!!#### | | ????????????# # !!!"""# | | ????????????######### !! R"# | | ????????????????????# [ """# | | ????????????????????#Y @ #### | | ???????????????????# #??? | | ???????????????????###T#####??? | | ?????????????????????###??????? | | ??????????????????????????????? | | ??????????????????????????????? | | ??????????????????????????????? | | ??????????????????????????????? | | ??????????????????????????????? | | ??????????????????????????????? | | ??????????????????????????????? | | ??????????????????????????????? | | ??????????????????????????????? | | ??????????????????????????????? | | ??????????????????????????????? | | ??????????????????????????????? | | ??????????????????????????????? | | ??????????????????????????????? | | ??????????????????????????????? | | ??????????????????????????????? | | ??????????????????????????????? | | | | | | | | | +----------------------------------------------------+ Best States ------------- Heat Dissipation 38 Energy Generation 10 Energy Capacity 250 Matter Stores 282 Matter Capacity 300 Sight Range 16 Robot Scan Range 14 Terrain Scan Density 10 Armor Coverage 150 Evasion (%) 62 Targeting Accuracy 5 Recoil Reduction 2 Item Schematics ----------------- None Robot Schematics ------------------ None Fabricated ------------ Nothing Alien Tech Used ----------------- None Achievements -------------- One Hack Too Far Challenges ------------ None Game ------ Seed MyomerCloakingShredder Manual? 0 Play Time 00:23:14 Cumulative 5.9 hours Start 2024.03.31 @ 23:34:26 End 2024.03.31 @ 23:59:44 Sessions 1 Manual Loads 0 Difficulty Rogue Special Mode None Game No. 7 Rogue 7 Adventurer 0 Explorer 0 Win Type - Total 0 Types 0/0/0/0/0/0/0/0/0 Lore% 1 Gallery% 7 Achievement% 8 Wizard Run 0 Options --------- Layout 1 ASCII 0 Keyboard 0 Movement Numpad Keybinds 0 Fullscreen 1 Font 24/Smallcaps Map View 50x35 Zoom Use 0% Tactical HUD 0 Map Filters NONE Filters NONE Steam 1 RUN: 4d5f96fe-7fa3-45ae-90f9-800c49924c01